 Dungeon Crawl Stone Soup version bcrawl-1.27.6 (webtiles) character file.

Game seed: 3165320380937117072

159957 Faustar the Skirmisher (level 4, 0/30 HPs)
             Began as a Gargoyle Chaos Knight on Sept 29, 2020.
             Was a Plaything of Xom.
             Slain by a scorpion (6 damage)
             ... on level 2 of the Dungeon.
             The game lasted 00:02:31 (1190 turns).

Faustar the Skirmisher (Gargoyle Chaos Knight)      Turns: 1190, Time: 00:02:31

Health: 0/30       AC:  8    Str: 16    XL:     4   Next: 32%
Magic:  4/4        EV: 11    Int: 13    God:    Xom [...*..]
Gold:   96         SH:  0    Dex:  9    Spells: 3/3 levels left

rFire    . . .     SeeInvis .   a - +0 mace (chaos)
rCold    . . .     Gourm    .   (no shield)
rNeg     + . .     Faith    .   b - +2 leather armour
rPois    ∞         Spirit   .   (no helmet)
rElec    +         Reflect  .   (no cloak)
rCorr    .         Harm     .   (no gloves)
MR       .....                  (no boots)
Stlth    +.........             (no amulet)
HPRegen  0.10/turn              (no ring)
MPRegen  0.09/turn              (no ring)

@: no status effects
A: negative energy resistance 1, electricity resistance, unbreathing,
petrification resistance, rot immunity, AC +3
a: Renounce Religion


You were on level 2 of the Dungeon.
You worshipped Xom.
You were a favourite toy of Xom.
You were not hungry.

You visited 1 branch of the dungeon, and saw 2 of its levels.

You collected 96 gold pieces.

Inventory:

Hand Weapons
 a - a +0 mace of chaos (weapon)
Armour
 b - a +2 leather armour (worn)
 g - a +2 medium shield
 i - a +0 helmet
Scrolls
 c - a scroll of amnesia {unknown}
 d - a scroll of identify
 h - a scroll of remove curse {unknown}
Potions
 j - a potion of invisibility {unknown}
 k - a potion of cancellation {unknown}
Comestibles
 e - 2 rations {!d}
 f - 2 chunks of flesh


   Skills:
 + Level 4.5 Fighting
 + Level 4.1 Maces & Flails
 - Level 2.1 Armour
 - Level 0.7 Dodging


You had 3 spell levels left.
You didn't know any spells.
Your spell library was empty.

Dungeon Overview and Level Annotations

Branches:
Dungeon (2/12)

Altars:


Innate Abilities, Weirdness & Mutations

You are resistant to torment.
Your stone body is resilient. (AC +3)
You are immune to poison.
You resist negative energy. (rN+)
You are resistant to electric shocks. (rElec)
You can survive without breathing.
You are immune to petrification.
You are immune to rotting.


Message History

You sock the scorpion! You burn the scorpion.
The scorpion is almost dead.
The scorpion stings you.
You closely miss the scorpion.
The scorpion is almost dead.
The scorpion stings you but does no damage.
The scorpion barely misses you.
You barely miss the scorpion.
The scorpion is almost dead.
The scorpion misses you. The scorpion stings you!
* * * LOW HITPOINT WARNING * * *
You aren't carrying any items that you can evoke.
Unknown command.
Unknown command.
The scorpion barely misses you.
You hit the scorpion but do no damage.
The scorpion is almost dead.
The scorpion is no longer berserk.
The scorpion barely misses you. The scorpion stings you.
You die...

+.........+
.....................
#.........#
#...#.#.######....#.
#.......# #.##.#.#
###.##. #.....#
#......# ####. #.h.#
####.### #. #'# #.#
#. #.# #.# #.
#####.############.#
#.
........†.....hs@..#
#.
####...#############
#.....# ##...## ##.##
###


You could see a scorpion and a jackal.

Vanquished Creatures
  2 adders (D:2)
  An ooze (D:2)
  4 worms
  A dart slug (D:1)
  2 leopard geckos
  An orc (D:2)
  2 bats (D:1)
  2 giant cockroaches (D:1)
  3 goblins
  4 hobgoblins
  2 quokkas (D:2)
  2 ball pythons (D:1)
  10 kobolds
  3 rats
39 creatures vanquished.

Vanquished Creatures (collateral kills)
  A goblin (D:2)
  A jackal (D:2)
2 creatures vanquished.

Grand Total: 41 creatures vanquished

Notes
Turn   | Place    | Note
-------+----------+-------------------------------------------
     0 | D:1      | Faustar the Gargoyle Chaos Knight began the quest for the
                  | Orb.
     0 | D:1      | Reached XP level 1. HP: 14/14 MP: 1/1
    39 | D:1      | XOM: butterfly on damage
   142 | D:1      | Reached XP level 2. HP: 19/19 MP: 2/2
   156 | D:1      | XOM: cast spell 'Summon Butterflies'
   259 | D:1      | Reached XP level 3. HP: 23/24 MP: 3/3
   412 | D:1      | XOM: divination: magic mapping
   626 | D:2      | XOM: summons 1 hostile demon
  1008 | D:2      | Reached XP level 4. HP: 28/30 MP: 4/4
  1175 | D:2      | XOM: summons friendly quasit
  1190 | D:2      | Slain by a scorpion

Skill      XL: |  1  2  3 |
---------------+----------+-----
Fighting       | 4 |  4.5
Maces & Flails | 4 |  4.1
Armour         | |  2.1
Dodging        | |  0.7

Action                   |  1- 3 |  4- 6 || total
-------------------------+-------+-------++-------
Melee: Mace              |   104 |    21 ||   125
 Stab: Paralysed         |       |     1 ||     1
  Eat: Chunk             |     3 |     2 ||     5
Armor: Leather armour    |    53 |     8 ||    61
Dodge: Dodged            |    68 |    21 ||    89
